 Dungeon Crawl Stone Soup version 0.21-a0-417-g0adc95b (webtiles) character file.

41 theclanless the Slasher (level 3, -3/20 HPs)
             Began as a Vine Stalker Berserker on Nov 3, 2017.
             Was a Follower of Trog.
             Shot with a stone by a goblin (5 damage)
             ... on level 2 of the Dungeon.
             The game lasted 00:02:10 (741 turns).

theclanless the Slasher (Vine Stalker Berserker)     Turns: 741, Time: 00:02:11

Health: -3/20      AC:  2    Str: 20    XL:     3   Next: 52%
Magic:  0/4        EV: 12    Int:  7    God:    Trog [*.....]
Gold:   54         SH:  0    Dex: 13    Spells: 2/2 levels left

rFire    . . .     SeeInvis .   a - +0 falchion
rCold    . . .     Gourm    .   (no shield)
rNeg     . . .     Faith    .   b - +0 animal skin
rPois    .         Spirit   +   (no helmet)
rElec    .         Reflect  .   (no cloak)
rCorr    .         Harm     .   (no gloves)
MR       .....                  (no boots)
Stlth    +.........             (no amulet)
HPRegen  0.06/turn              (no ring)
MPRegen  0.09/turn              (no ring)

@: no status effects
A: fangs 2, magic shield, antimagic bite, no potion heal 3, rot immunity
a: Berserk, Burn Spellbooks, Renounce Religion


You were on level 2 of the Dungeon.
You worshipped Trog.
Trog was aware of your devotion.
You were not hungry.

You visited 1 branch of the dungeon, and saw 2 of its levels.

You collected 54 gold pieces.

Inventory:

Hand Weapons
 a - a +0 falchion (weapon)
Armour
 b - a +0 animal skin (worn)
Scrolls
 d - a scroll of enchant armour {unknown}
 e - a scroll of fog
 f - a scroll of immolation
 i - a scroll of remove curse {unknown}
Comestibles
 c - a bread ration


   Skills:
 + Level 3.0 Fighting
 * Level 3.2 Long Blades
 + Level 2.0 Armour
 + Level 2.0 Dodging


You had 2 spell levels left.
You didn't know any spells.

Dungeon Overview and Level Annotations

Branches:
Dungeon (2/15)

Altars:


Innate Abilities, Weirdness & Mutations

You have extremely sharp teeth.
When hurt, damage is shared between your health and your magic reserves.
Your bite disrupts and absorbs the magic of your enemies.
Potions cannot restore your health.
You are immune to rotting.


Message History

A goblin comes into view.
There is an open door here.
The goblin shouts!
You hear a shout!
The goblin wields a hunting sling.
The goblin shoots a stone.
The stone barely misses you.
An adder comes into view.
You see here a stone.
The adder moves out of view.
The goblin shoots a stone.
The stone misses you.
The goblin shoots a stone.
The stone hits you.
* * * LOW HITPOINT WARNING * * *
A rat comes into view.
There is a stone staircase leading down here.
You see here a stone.
The goblin shoots a stone.
The stone hits you.
* * * LOW HITPOINT WARNING * * *
You see here a stone.
The adder hisses angrily.
The goblin shoots a stone.
The stone closely misses you.
The goblin shoots a stone.
The stone hits you.
You die...

### ###### ###(####
#....#
#(.....#######....#####
#(.>(...†....†.........
#.....@#######....##S..
#....S.# #######...
#......# #.<. #.....gg.
#... #...###... #...
...... .... #...
........ ..## #...
...... ..# ##.# ...


You could see an adder, a hobgoblin and a goblin.

Vanquished Creatures
  An adder (D:2)
  A worm (D:2)
  3 dart slugs (D:1)
  A leopard gecko (D:1)
  A ball python (D:1)
  2 bats (D:1)
  A giant cockroach (D:1)
  A goblin (D:1)
  4 hobgoblins (D:1)
  2 frilled lizards
  2 kobolds (D:1)
  3 rats (D:1)
22 creatures vanquished.

Notes
Turn   | Place    | Note
-------+----------+-------------------------------------------
     0 | D:1      | theclanless the Vine Stalker Berserker began the quest for the Orb.
     0 | D:1      | Reached XP level 1. HP: 11/11 MP: 2/2
   212 | D:1      | Reached XP level 2. HP: 12/16 MP: 3/3
   464 | D:1      | Reached XP level 3. HP: 19/19 MP: 4/4
   741 | D:2      | Shot with a stone by a goblin

Vault maps used:
D:1:      lemuel_arrival_cross
D:2:      cheibrodos_greedy_goblins, minmay_octomino_c4

Skill      XL: |  1  2  3 |
---------------+----------+-----
Long Blades    | 3 |  3.2
Fighting       | 3 |  3.0
Armour         | 2 |  2.0
Dodging        | 2 |  2.0

Action                   || total
-------------------------++-------
Melee: Falchion          ||    52
       Bite              ||    15
  Use: Scroll            ||     4
 Stab: Sleeping          ||     1
Armor: Animal skin       ||     5
Dodge: Dodged            ||    36
       Rpst.: Falchion   ||    15

Table legend:
 A = Spawn XP
 B = Non-spawn XP
 C = Spawn XP percentage of total XP
 D = Spawn monster count
 E = Non-spawn monster count
 F = Spawn count percentage of total count
 G = Total turns spent on level
                    A         B        C        D         E        F      G
               +---------+---------+-------+---------+---------+-------+---------
         Total |       0 |      59 |   0.0 |       0 |      22 |   0.0 |   741
               +---------+---------+-------+---------+---------+-------+---------
           D:1 |       0 |      39 |   0.0 |       0 |      19 |   0.0 |   680
           D:2 |       0 |      20 |   0.0 |       0 |       3 |   0.0 |    61
               +---------+---------+-------+---------+---------+-------+---------
